Map: Last Fantasy LE

Players

Reynor - Winner!

  • Race: Zerg Zerg
  • League: Master
  • Spawn Location: 3:00

Lambo

  • Race: Zerg Zerg
  • Spawn Location: 12:00

Event: FEL Cracov 2025

VOD

Have the link to the VOD?

Description

Time

  • Played on: July 27, 2025, 12:06 p.m.
  • Length: 14:58

All games in this series

Show
View Real Time Build Order
Export as new Build Order

Reynor Zerg - Winner!

Build Orders: Hatch First 

Get SALT Encoding   

  12  0:00  Drone  
  13  0:07  Drone  
  13  0:14  Extractor, Drone  
  15  0:34  Hatchery  
  14  0:39  Extractor  
  14  0:40  Drone  
  15  0:46  Overlord  
  15  1:03  Spawning Pool  
  14  1:04  Drone  
  14  1:08  Drone  
  16  1:12  Drone  
  16  1:15  Drone  
  18  1:26  Drone  
  19  1:37  Drone  
  20  1:46  Drone  
  21  1:47  Drone  
  21  1:50  Queen  
  21  1:52  Queen  
  26  1:57  Zergling x2  
  26  1:58  Zergling x2  
  28  2:06  Extractor  
  27  2:08  Overlord  
  27  2:10  Drone  
  28  2:28  Drone x2, Queen  
  32  2:31  Queen  
  32  2:36  Overlord  
  34  2:40  Drone  
  34  2:42  Drone  
  35  2:48  Overlord  
  35  2:52  Drone  
  35  2:55  Drone  
  37  2:59  Drone x3  
  37  3:03  Drone  
  41  3:06  Metabolic Boost  
  41  3:10  Drone x2  
  43  3:18  Overlord, Evolution Chamber  
  42  3:22  Drone  
  42  3:24  Drone  
  42  3:25  Drone  
  45  3:30  Drone x2  
  47  3:35  Overlord  
  47  3:45  Zergling x2  
  47  3:46  Zergling x12  
  54  3:55  Hatchery  
  54  4:00  Zergling x2  
  54  4:01  Roach Warren  
  53  4:07  Zerg Ground Armor Level 1, Zergling x2  
  53  4:08  Zergling x2  
  55  4:10  Drone  
  55  4:13  Overlord  
  55  4:15  Drone  
  57  4:17  Drone  
  57  4:18  Drone  
  57  4:20  Overlord  
  57  4:23  Drone  
  60  4:26  Overlord  
  60  4:30  Drone  
  61  4:34  Overlord  
  61  4:35  Drone  
  61  4:37  Extractor  
  61  4:38  Extractor  
  61  4:39  Drone  
  61  4:42  Overlord  
  60  4:46  Drone x2  
  60  4:48  Overlord  
  62  4:53  Drone  
  62  4:54  Lair  
  62  4:55  Drone x2  
  62  4:56  Overlord  
  62  4:59  Drone  
  66  5:06  Overlord  
  67  5:08  Drone  
  66  5:14  Roach  
  68  5:22  Roach x3  
  68  5:26  Extractor, Roach x2  
  77  5:28  Zergling x2  
  77  5:29  Zergling x6  
  77  5:33  Roach  
  83  5:37  Drone x2  
  83  5:39  Drone  
  86  5:45  Drone  
  86  5:48  Roach  
  89  5:51  Roach  
  89  5:52  Extractor  
  89  5:54  Glial Reconstitution  
  89  5:56  Drone x2  
  96  5:57  Roach x2  
  96  5:59  Drone x2, Overlord  
  96  6:01  Drone x2  
  100  6:05  Zerg Missile Weapons Level 1  
  100  6:08  Roach, Zergling x2  
  100  6:09  Zergling x4  
  105  6:13  Roach  
  105  6:14  Roach  
  109  6:19  Roach  
  109  6:24  Roach  
  112  6:26  Roach x3  
  112  6:27  Roach x2  
  112  6:28  Drone  
  112  6:29  Overlord  
  112  6:32  Drone  
  124  6:35  Roach x2  
  124  6:36  Roach  
  124  6:39  Overlord  
  129  6:43  Roach  
  131  6:47  Drone  
  131  6:48  Drone  
  131  6:52  Extractor  
  131  6:53  Roach x2  
  136  6:55  Roach x2  
  136  6:56  Roach x3  
  136  6:57  Roach  
  136  7:01  Roach  
  149  7:03  Roach x3  
  149  7:05  Overlord  
  155  7:10  Drone  
  155  7:11  Drone  
  157  7:17  Drone  
  157  7:21  Overlord  
  157  7:22  Ravager x3  
  161  7:24  Overlord  
  161  7:25  Ravager  
  161  7:28  Drone x3  
  161  7:29  Roach x2  
  169  7:34  Overlord  
  169  7:41  Overlord  
  169  7:44  Hatchery  
  169  7:49  Roach x4  
  161  7:59  Roach x4  
  161  8:00  Roach x2  
  161  8:04  Roach x2  
  161  8:05  Roach  
  158  8:10  Roach x4  
  164  8:17  Tunneling Claws, Burrow  
  164  8:18  Pneumatized Carapace  
  160  8:21  Roach x2  
  164  8:31  Overlord  
  164  8:33  Zerg Missile Weapons Level 2, Roach x6  
  174  8:38  Roach x3  
  174  8:40  Overlord  
  180  8:42  Roach  
  180  8:46  Roach x2  
  183  8:49  Ravager x2  
  183  8:51  Ravager  
  183  8:53  Roach  
  183  8:54  Zergling x10  
  187  8:57  Roach x2  
  187  9:00  Roach  
  193  9:02  Ravager  
  193  9:06  Roach x2  
  198  9:13  Roach  
  196  9:28  Roach x9  
  198  9:37  Roach x4  
  198  9:38  Ravager x2  
  198  9:43  Roach  
  200  9:54  Roach x4  
  200  10:02  Roach x4  
  200  10:06  Roach x34  
  193  10:15  Roach x3  
  193  10:17  Roach x9  
  199  10:27  Drone x11  
  197  10:34  Roach x7  
  198  10:38  Overlord x2, Roach x6  
  198  10:41  Overlord  
  198  10:42  Hatchery  
  198  10:44  Overlord  
  193  10:50  Overlord  
  193  10:52  Roach x2  
  187  11:00  Roach x7  
  187  11:03  Ravager x3  
  187  11:04  Ravager x2  
  194  11:12  Zerg Ground Armor Level 2  
  194  11:13  Roach x2  
  194  11:15  Roach x3  
  198  11:23  Hatchery  
  195  11:43  Roach  
  195  11:46  Roach x2  
  197  12:02  Roach  
  197  12:08  Roach  
  199  12:13  Spire  
  194  12:40  Roach x6  
  200  12:45  Overseer  
  196  13:00  Roach x15  
  196  13:03  Roach x9  
  196  13:04  Roach  
  173  13:36  Mutalisk x10  
  173  13:37  Mutalisk x3  
  199  13:46  Mutalisk x2  
  199  13:47  Spore Crawler  
  199  13:54  Mutalisk x3  
  188  14:02  Roach x5  
  182  14:04  Roach x2  
  182  14:07  Queen  
  182  14:08  Drone x2  
  182  14:09  Drone, Roach x3  
  160  14:16  Mutalisk  
  144  14:19  Zergling x16  
  144  14:22  Spore Crawler  
  145  14:26  Roach x2  
  145  14:27  Mutalisk x2  
  145  14:29  Zergling x2  
  145  14:31  Zergling x8  
  146  14:34  Roach x3  
Show
View Real Time Build Order
Export as new Build Order

Lambo Zerg 

Build Orders: Hatch First 

Get SALT Encoding   

  12  0:00  Drone  
  13  0:09  Drone  
  14  0:15  Extractor, Drone  
  15  0:35  Hatchery  
  15  0:41  Extractor  
  15  0:42  Drone  
  15  0:47  Overlord  
  15  1:03  Spawning Pool  
  14  1:06  Drone  
  14  1:10  Drone  
  16  1:14  Drone  
  17  1:18  Drone  
  18  1:28  Drone, Extractor  
  19  1:40  Drone  
  19  1:47  Drone  
  19  1:49  Queen  
  19  1:52  Queen  
  24  1:56  Drone  
  24  1:59  Drone  
  26  2:05  Overlord  
  26  2:09  Drone  
  26  2:13  Drone  
  28  2:23  Zergling x2  
  28  2:25  Drone  
  30  2:32  Hatchery  
  30  2:35  Drone  
  30  2:37  Drone  
  30  2:43  Drone x2  
  33  2:53  Overlord  
  33  2:55  Drone  
  34  3:01  Drone x2  
  36  3:12  Drone x5  
  41  3:16  Extractor  
  40  3:20  Overlord  
  40  3:21  Drone  
  40  3:26  Evolution Chamber  
  39  3:31  Zergling x2  
  39  3:32  Drone x3  
  43  3:36  Roach Warren  
  43  3:37  Drone x2  
  43  3:38  Lair  
  44  3:41  Overlord  
  44  3:43  Drone  
  44  3:45  Extractor  
  44  3:46  Drone  
  44  3:47  Drone  
  46  3:52  Drone  
  46  3:55  Zerg Missile Weapons Level 1  
  47  3:56  Drone  
  47  3:59  Drone x2  
  50  4:04  Drone x3  
  50  4:07  Overlord  
  53  4:11  Drone x3  
  53  4:15  Drone x2  
  58  4:19  Extractor  
  57  4:24  Roach x3  
  57  4:29  Roach  
  65  4:37  Evolution Chamber, Roach x4  
  72  4:42  Roach  
  73  4:48  Evolution Chamber  
  73  4:49  Roach  
  73  4:51  Roach  
  73  4:52  Ravager  
  70  4:55  Roach  
  70  4:56  Overlord  
  70  4:59  Overlord  
  72  5:00  Ravager  
  72  5:01  Overlord  
  72  5:05  Overlord  
  70  5:08  Roach  
  70  5:14  Overlord, Glial Reconstitution  
  71  5:15  Queen  
  71  5:16  Overlord  
  71  5:18  Overlord  
  71  5:21  Roach  
  71  5:22  Drone  
  71  5:26  Zerg Ground Armor Level 1  
  71  5:28  Drone  
  73  5:33  Drone x2  
  75  5:36  Drone  
  75  5:37  Drone  
  75  5:38  Drone  
  78  5:43  Drone x4  
  78  5:47  Drone x2  
  84  5:50  Roach  
  84  5:51  Overseer  
  84  5:52  Roach  
  84  5:56  Zerg Missile Weapons Level 2  
  88  5:59  Roach  
  88  6:03  Roach x2  
  94  6:07  Roach  
  94  6:08  Queen  
  94  6:11  Roach  
  100  6:17  Roach x2  
  104  6:23  Roach x4  
  110  6:26  Roach x2  
  110  6:27  Extractor  
  110  6:28  Drone  
  114  6:34  Overlord  
  114  6:35  Overlord x2  
  114  6:38  Overlord  
  114  6:41  Overlord  
  114  6:43  Overlord  
  114  6:50  Overlord  
  114  6:52  Overlord  
  114  6:56  Roach x4  
  114  6:57  Ravager x2  
  114  6:59  Ravager x2  
  126  7:01  Roach x2  
  126  7:05  Roach x2  
  134  7:09  Roach x2  
  134  7:13  Roach x2  
  142  7:17  Extractor, Pneumatized Carapace  
  142  7:20  Roach  
  143  7:23  Drone  
  143  7:24  Roach  
  143  7:28  Roach  
  148  7:35  Drone x3  
  148  7:36  Roach x4  
  159  7:38  Overseer  
  159  7:43  Roach x2  
  163  7:46  Roach x2  
  163  7:50  Roach  
  169  7:58  Roach x3  
  159  8:03  Roach x3  
  150  8:07  Roach x3  
  150  8:10  Roach  
  150  8:12  Roach x2  
  160  8:17  Roach x2  
  160  8:19  Ravager  
  163  8:22  Overlord  
  163  8:25  Roach x2  
  167  8:27  Ravager  
  170  8:34  Roach, Overlord  
  170  8:36  Overlord  
  170  8:39  Overlord  
  170  8:41  Overlord  
  170  8:43  Overlord  
  170  8:53  Roach x4  
  170  8:54  Overlord  
  178  8:56  Ravager  
  178  8:57  Roach x3  
  178  8:59  Roach  
  178  9:01  Roach  
  189  9:03  Roach  
  189  9:07  Roach x2  
  195  9:10  Spine Crawler  
  195  9:11  Roach  
  195  9:15  Spine Crawler, Roach  
  197  9:20  Roach  
  199  9:27  Roach  
  199  9:30  Roach x5  
  195  9:34  Roach x2  
  199  9:39  Overlord  
  199  9:41  Overlord  
  199  9:51  Overseer  
  199  9:53  Overlord  
  199  9:54  Overlord  
  199  9:58  Overlord  
  199  10:00  Ravager  
  199  10:02  Overlord  
  200  10:09  Overlord x2  
  198  10:32  Roach  
  200  10:42  Roach x4  
  194  10:55  Roach x6  
  200  11:00  Roach  
  196  11:06  Spire  
  196  11:07  Overlord  
  196  11:09  Ravager  
  196  11:10  Ravager x3  
  199  11:12  Overseer  
  199  11:17  Spine Crawler  
  198  11:37  Roach  
  198  11:38  Hatchery  
  198  11:59  Roach  
  198  12:00  Roach x3  
  198  12:19  Zerg Flyer Weapons Level 1  
  195  12:42  Mutalisk x7  
  194  13:01  Mutalisk x5  
  194  13:04  Mutalisk  
  200  13:11  Mutalisk x4  
  200  13:24  Overlord  
  197  13:31  Roach x8  
  190  13:37  Roach x5  
  182  13:55  Roach x5  
  182  13:59  Roach  
  156  14:05  Mutalisk  
  134  14:13  Mutalisk  
  124  14:21  Mutalisk x2  
  128  14:25  Ravager  
  128  14:26  Ravager  
  128  14:28  Mutalisk  
  128  14:30  Ravager  
  133  14:35  Ravager  
Tags
 
Add a new tag
Caveats
  • Supply blocks, unpowered buildings, or Contaminate may cause inaccurate times.
  • Supply counts are checked every 10 seconds.